[Event "Team 45 45 League T25"]
[Site "Internet Chess Club"]
[Date "2005.01.22"]
[Round "6"]
[White "foodfight"]
[Black "kevinfons"]
[Result "0-1"]
[WhiteElo "1546"]
[BlackElo "1517"]
[TimeControl "2700+45"]

1. d4 d5 2. c4 e6 3. Nf3 c5 4. cxd5 exd5 5. g3 Nc6 6. Bg2 cxd4 7. Nxd4 Nf6 8.
O-O Be7 9. Nc3 Be6 10. Be3 O-O 11. Rc1 Nxd4 12. Bxd4 a6 13. b3 Rc8 14. Qd3 b5
15. Bxf6 Bxf6 16. Nxd5 Bxd5 17. Qxd5 Qe7 18. Qb7 Rxc1 19. Qxe7 Rxf1+ {White
resigns} 0-1

[Event "Team 45 45 League T25"]
[Site "Internet Chess Club"]
[Date "2005.01.22"]
[Round "6"]
[White "JesterFox"]
[Black "jacknor"]
[Result "1-0"]
[WhiteElo "1523"]
[BlackElo "1571"]
[TimeControl "2700+45"]

1. c4 e6 2. d4 d5 3. e3 Nf6 4. Nc3 Nbd7 5. Nf3 Be7 6. a3 a5 7. Bd3 O-O 8. Qc2 h6
9. O-O dxc4 10. Bxc4 Bd6 11. e4 e5 12. dxe5 Nxe5 13. Nxe5 Bxe5 14. Rd1 Qe8 15.
f4 Bxc3 16. bxc3 Be6 17. Bxe6 Qxe6 18. e5 Ng4 19. h3 Qb6+ 20. Kf1 Ne3+ 21. Bxe3
Qxe3 22. Qd2 Qc5 23. Qd4 Qxd4 24. Rxd4 Rfe8 25. Rad1 Rac8 26. Ke2 Kf8 27. Ke3 f6
28. Ke4 fxe5 29. fxe5 Ke7 30. Rd7+ Kf8 31. Rf1+ Kg8 32. Rff7 Red8 33. Rxg7+ Kf8
34. Rxc7 Rxc7 35. Rxc7 Rd2 36. Rxb7 Rxg2 37. Rh7 Rg3 38. Rxh6 Rxc3 39. Ra6 Rxa3
40. h4 a4 41. Kf5 Rh3 42. Rxa4 Kf7 43. e6+ Ke7 44. Ra7+ Kd8 45. Rh7 Rf3+ 46. Ke5
Rf1 47. Kd6 Rd1+ 48. Kc6 Rc1+ 49. Kd5 Rd1+ 50. Ke5 Re1+ 51. Kf6 Rf1+ 52. Kg5
Rg1+ 53. Kh5 Ke8 54. Kh6 Rh1 55. Kg5 Rg1+ 56. Kf4 Rf1+ 57. Kg5 Rg1+ 58. Kh5 Rg2
59. Rh6 Ke7 60. Rg6 Rh2 61. Kg4 Rg2+ 62. Kf5 Rf2+ 63. Kg4 Rg2+ 64. Kh5 Rh2 65.
Rg4 Kxe6 66. Kg6 Rf2 67. Re4+ Kd7 68. h5 Rg2+ 69. Kf5 Rg8 70. h6 Kd6 71. h7 Rh8
72. Kg6 Ra8 73. Rh4 {Black resigns} 1-0

[Event "Team 45 45 League T25"]
[Site "Internet Chess Club"]
[Date "2005.01.24"]
[Round "6"]
[White "bubbarook"]
[Black "Traho"]
[Result "1-0"]
[WhiteElo "1335"]
[BlackElo "1332"]
[TimeControl "2700+45"]

1. e4 e6 2. d4 d5 3. exd5 exd5 4. Qe2+ Qe7 5. Qxe7+ Bxe7 6. Nc3 Bb4 7. Ne2 Bf5
8. Bf4 c6 9. O-O-O Nd7 10. Ng3 Bg6 11. Bd3 Ne7 12. Bxg6 Nxg6 13. Rhe1+ Ne7 14.
Nf5 Kf8 15. Nxe7 Bxe7 16. Ne2 f6 17. h4 Kf7 18. Rd3 Rac8 19. Re3 Bb4 20. c3 Ba5
21. Ng3 Rhe8 22. Nf5 Rxe3 23. Rxe3 Bc7 24. Bxc7 Rxc7 25. Re7+ Kg6 26. g4 {Black
resigns} 1-0

[Event "Team 45 45 League T25"]
[Site "Internet Chess Club"]
[Date "2005.01.21"]
[Round "6"]
[White "trikmamak"]
[Black "alastorx"]
[Result "1-0"]
[WhiteElo "2234"]
[BlackElo "1950"]
[TimeControl "2700+45"]

1. e4 d5 2. exd5 Qxd5 3. Nc3 Qa5 4. d4 Nf6 5. Bc4 Nc6 6. Nf3 Bg4 7. h3 Bxf3 8.
Qxf3 O-O-O 9. d5 Ne5 10. Qf5+ Ned7 11. Bb5 a6 12. Bc4 e6 13. Qf4 Bd6 14. Qd2
exd5 15. Nxd5 Nxd5 16. Qxa5 {Black resigns} 1-0

[Event "Team 45 45 League T25"]
[Site "Internet Chess Club"]
[Date "2005.01.23"]
[Round "6"]
[White "NFK"]
[Black "nursey"]
[Result "1-0"]
[WhiteElo "1781"]
[BlackElo "1639"]
[TimeControl "2700+45"]

1. e4 e5 2. Nf3 Nc6 3. d4 exd4 4. Bc4 Bc5 5. O-O d6 6. c3 Bg4 7. b4 Bb6 8. Qb3
Qf6 9. Ng5 Ne5 10. a4 Nxc4 11. Qxc4 c6 12. a5 Bc7 13. f4 dxc3 14. Nxc3 Ne7 15.
e5 Qg6 16. exd6 Bxd6 17. Nce4 Rd8 18. Ba3 O-O 19. Nxd6 Rxd6 20. b5 cxb5 21. Qxb5
Rd7 22. Rae1 Re8 23. h3 Bf5 24. g4 Bxg4 25. hxg4 Qd3 26. Qxd3 Rxd3 27. Rxe7 Rxe7
28. Bxe7 Rg3+ 29. Kf2 Rxg4 30. Kf3 Rh4 31. Rc1 g6 32. Bf6 {Black resigns} 1-0

[Event "Team 45 45 League T25"]
[Site "Internet Chess Club"]
[Date "2005.01.29"]
[Round "6"]
[White "chinta"]
[Black "mal57"]
[Result "1-0"]
[WhiteElo "1618"]
[BlackElo "1414"]
[TimeControl "2700+45"]

1. e4 e6 2. Nf3 d6 3. d4 d5 4. Bd3 c5 5. O-O cxd4 6. exd5 exd5 7. Re1+ Be7 8.
Nxd4 Nf6 9. Qe2 O-O 10. Bg5 Nbd7 11. Nc3 Bb4 12. Qf3 Qb6 13. Rad1 Nc5 14. Bxf6
Qxf6 15. Qxf6 gxf6 16. Re3 Nxd3 17. cxd3 Bc5 18. Rg3+ Kh8 19. Nb3 Bd6 20. Re3
Be6 21. Nd4 Bc5 22. Nxe6 Bxe3 23. Nxf8 Bxf2+ 24. Kxf2 Rxf8 25. Nxd5 Rd8 26. Nf4
Kg7 27. Ke3 Re8+ 28. Kd2 Rd8 29. Re1 f5 30. Re7 Rd4 31. g3 Rb4 32. Kc3 Rb6 33.
b4 Kf6 34. Nd5+ {Black resigns} 1-0

[Event "Team 45 45 League T25"]
[Site "Internet Chess Club"]
[Date "2005.01.24"]
[Round "6"]
[White "Loco-Motif"]
[Black "camembert"]
[Result "0-1"]
[WhiteElo "1831"]
[BlackElo "1912"]
[TimeControl "2700+45"]

1. d4 Nf6 2. c4 c5 3. d5 e6 4. g3 exd5 5. cxd5 d6 6. Nc3 g6 7. e4 Bg7 8. f4 O-O
9. Bg2 Re8 10. Qc2 Nxe4 11. Nxe4 f5 12. Nh3 fxe4 13. O-O Bd4+ 14. Kh1 Bf5 15.
Qb3 e3 16. Re1 e2 17. Ng5 Qa5 18. Nf3 Bf2 19. Bd2 Qc7 20. Rec1 Nd7 21. Ng5 Nf8
22. Qf3 Bd4 23. Bc3 Re3 24. Bxd4 Rxf3 25. Bxf3 Qe7 26. Bc3 h6 27. g4 Bd3 28. Nh3
Be4 29. Kg2 Re8 {White resigns} 0-1

[Event "Team 45 45 League T25"]
[Site "Internet Chess Club"]
[Date "2005.01.26"]
[Round "6"]
[White "swingdoc"]
[Black "Rookmaster"]
[Result "1-0"]
[WhiteElo "1776"]
[BlackElo "1723"]
[TimeControl "2700+45"]

1. e4 c5 2. Nf3 d6 3. d4 cxd4 4. Nxd4 Nf6 5. Nc3 a6 6. Be3 Ng4 7. Bg5 h6 8. Bh4
g5 9. Bg3 Bg7 10. h3 Nf6 11. Qf3 Qb6 12. O-O-O Nc6 13. Nxc6 Qxc6 14. Be2 Nd7 15.
Nd5 Nc5 16. Kb1 Be6 17. h4 Rc8 18. hxg5 Na4 19. c3 Bxd5 20. exd5 Qb6 21. Rd2
Nxc3+ 22. Ka1 Qa5 23. a3 b5 24. Qg4 Rc7 25. gxh6 Bf6 26. h7 Nxd5 27. Qg8+ Kd7
28. Bg4+ e6 29. Qxf7+ Kc6 30. Rc1+ Bc3 31. Rxc3+ Nxc3 32. Rxd6+ Kb7 33. Bf3+ Nd5
34. Bxd5+ exd5 35. Qxd5+ Kb8 36. Rd8+ Rxd8 37. Qxd8+ Kb7 38. Qxc7+ Qxc7 39. Bxc7
Kxc7 40. h8=Q {Black resigns} 1-0

[Event "Team 45 45 League T25"]
[Site "Internet Chess Club"]
[Date "2005.01.22"]
[Round "6"]
[White "Kingofknights"]
[Black "Rainbird"]
[Result "1/2-1/2"]
[WhiteElo "1632"]
[BlackElo "1669"]
[TimeControl "2700+45"]

1. d4 d5 2. c4 e6 3. Nc3 c6 4. e3 Nf6 5. Nf3 Nbd7 6. cxd5 exd5 7. Bd3 Bd6 8. O-O
O-O 9. e4 dxe4 10. Nxe4 Nxe4 11. Bxe4 Nf6 12. Bc2 Bg4 13. h3 Bxf3 14. Qxf3 Bc7
15. Rd1 Re8 16. Bg5 Qd6 17. g3 Bb6 18. Bxf6 Qxf6 19. Qxf6 gxf6 20. Rd2 Rad8 21.
Rad1 Rd6 22. Bb3 Ba5 23. Rd3 Kf8 24. Kf1 Red8 25. f4 c5 26. d5 b5 27. Bc2 c4 28.
Ra3 Bb6 29. Bxh7 Rxd5 30. Rxd5 Rxd5 31. Rc3 f5 32. g4 fxg4 33. hxg4 Rd2 34. Rc2
Be3 35. Rxd2 Bxd2 36. Ke2 Bxf4 37. Kf3 Be5 38. b3 c3 39. Bd3 b4 40. Ke4 Bc7 41.
Kd5 a5 42. Kc6 Bd8 43. Kd7 Bg5 44. Kd6 Kg7 45. Ke5 Kh6 46. Kf5 Bd8 47. Bc2 Kg7
48. Bd3 Kf8 {Game drawn by mutual agreement} 1/2-1/2

[Event "Team 45 45 League T25"]
[Site "Internet Chess Club"]
[Date "2005.01.24"]
[Round "6"]
[White "jmc860"]
[Black "thetexan"]
[Result "1-0"]
[WhiteElo "1645"]
[BlackElo "1618"]
[TimeControl "2700+45"]

1. e4 e5 2. Nf3 Nf6 3. Nxe5 d6 4. Nf3 Nxe4 5. d4 d5 6. Bd3 Bd6 7. O-O O-O 8. c4
c6 9. Re1 Re8 10. Nc3 Nxc3 11. bxc3 dxc4 12. Bxc4 Bg4 13. Rxe8+ Qxe8 14. Be2 Nd7
15. Be3 Nf6 16. Rb1 b6 17. Nd2 Bf5 18. Rb3 b5 19. c4 a6 20. c5 Bc7 21. Nf1 Nd5
22. Bf3 Be6 23. Bg4 a5 24. Bxe6 Qxe6 25. Bd2 Qe4 26. Be3 a4 27. Nd2 Qh4 28. Nf3
Qe4 29. Qd3 Qxd3 30. Rxd3 f6 31. a3 Kf7 32. Nd2 Ke6 33. f3 b4 34. Nc4 b3 35. h3
Rb8 36. Nb2 Ra8 37. Kf2 f5 38. Rd1 Nc3 39. Rc1 Nd5 40. Bd2 Bf4 41. Ke2 Bxd2 42.
Kxd2 Nf4 43. Rc4 Nxg2 44. Rxa4 Rxa4 45. Nxa4 Nf4 46. Kc3 Kd5 47. Nb6+ Ke6 48. a4
Ne2+ 49. Kxb3 Nxd4+ 50. Kc4 Nxf3 51. a5 Ne5+ 52. Kd4 f4 53. a6 f3 54. Ke3 f2 55.
Kxf2 Nd3+ 56. Kf1 Nxc5 57. a7 Nb7 58. a8=Q c5 59. Qxb7 c4 60. Qd5+ {Black
resigns} 1-0

[Event "Team 45 45 League T25"]
[Site "Internet Chess Club"]
[Date "2005.01.22"]
[Round "6"]
[White "Burning-Bush"]
[Black "softbunney"]
[Result "1/2-1/2"]
[WhiteElo "2167"]
[BlackElo "2035"]
[TimeControl "2700+45"]

1. d4 d5 2. c4 c6 3. Nf3 e6 4. Nc3 Nf6 5. Bg5 h6 6. Bh4 dxc4 7. e4 g5 8. Bg3 b5
9. a3 Bb7 10. e5 Nd5 11. h4 Qa5 12. Qc1 g4 13. Nd2 Nxc3 14. bxc3 c5 15. a4 cxd4
16. axb5 Qxc3 17. Qxc3 dxc3 18. Nxc4 Nd7 19. Kd1 Be4 20. Ke2 Rc8 21. Nd6+ Bxd6
22. exd6 Nc5 23. Rxa7 c2 24. Bf4 Nb7 25. f3 Bd5 26. Bc1 Nxd6 27. Kf2 Rg8 28. Bd3
gxf3 29. gxf3 Rc3 30. Ra3 Rc8 31. Bxh6 Bc4 32. Bxc2 Nxb5 33. Re3 Bd5 34. Ba4 Bc6
35. Rc1 Na7 36. Rec3 Kd7 37. Rd3+ Ke7 38. Bd1 Bd5 39. Rdc3 Rxc3 40. Rxc3 Nc6 41.
Bf4 Ra8 42. h5 Rh8 43. h6 e5 44. Bc1 f5 45. Bg5+ Kd6 46. Ra3 f4 47. Bc2 Nd4 48.
Ra6+ Kc5 49. Bf6 Rxh6 50. Be7+ Kc4 51. Rxh6 Nxc2 52. Bd6 Kd4 53. Rh5 e4 54. Bxf4
exf3 55. Bd6 Ne3 56. Rh4+ Kd3 57. Bc5 Nc2 58. Rf4 Be4 59. Rf6 Kc4 60. Bf8 Na1
61. Bg7 Nb3 62. Ke3 Bd5 63. Rf4+ Kc5 64. Bb2 Kd6 65. Rh4 Kc5 66. Ba3+ Kb5 67.
Rb4+ Kc6 68. Rh4 Kb5 69. Bf8 Kc6 70. Rh5 Na5 71. Bb4 Nb3 72. Bc3 Kc5 73. Bb2 Kc4
74. Rh4+ Kc5 75. Ba3+ Kb5 76. Rh5 Kc4 77. Be7 Nc5 78. Rh8 Ne6 79. Rc8+ Kb5 80.
Rc1 Bc6 81. Rb1+ Kc4 82. Rb4+ Kc3 83. Rb6 Bd5 84. Rb1 Kc4 85. Rb4+ Kc3 86. Rh4
Kb3 87. Kd3 Kb2 88. Rb4+ Kc1 89. Bd6 f2 90. Ke2 Kc2 91. Kxf2 Ng5 92. Ke3 Bb3 93.
Be5 Ne6 94. Rh4 Bd5 95. Rh2+ Kb3 96. Rb2+ Kc4 97. Bd6 Kc3 98. Be5+ Kc4 99. Rd2
Kc5 100. Bf6 Bc4 101. Ke4 Kb4 102. Rc2 Nc5+ 103. Ke3 Ne6 104. Be7+ Kb5 105. Rh2
Bd5 106. Rb2+ Kc6 107. Kd3 Kd7 108. Ba3 Kc6 109. Rf2 Kb5 110. Bd6 Kc6 111. Be5
Nc5+ 112. Ke3 Ne6 113. Rc2+ Kb5 114. Bd6 Kb6 115. Kd3 Kb5 116. Kc3 Kc6 117. Ba3
Kb5 118. Rd2 Kc6 119. Kb4 Kd6 120. Bb2 Kc6 121. Be5 Nd8 122. Rc2+ Kd7 123. Kc5
Ke6 124. Bc7 Nb7+ 125. Kd4 Bf3 126. Rf2 Bc6 127. Be5 Bh1 128. Rf6+ Kd7 129. Bg3
Bg2 130. Be1 Bh1 131. Bb4 Bg2 132. Rf2 Bh1 133. Re2 Bf3 134. Re7+ Kc6 135. Rf7
Bg2 136. Rf2 Bh1 137. Rf6+ Kd7 138. Ke5 Bg2 139. Rf2 Bh1 140. Rf6 Bg2 141. Rh6
Bf3 {Game drawn by the 50 move rule} 1/2-1/2

[Event "Team 45 45 League T25"]
[Site "Internet Chess Club"]
[Date "2005.01.20"]
[Round "6"]
[White "Akaineco"]
[Black "EricW"]
[Result "1-0"]
[WhiteElo "2027"]
[BlackElo "1894"]
[TimeControl "2700+45"]

1. f4 d5 2. Nf3 Nf6 3. g3 c6 4. Bg2 Bf5 5. d3 e6 6. c3 Qb6 7. Qb3 Bc5 8. Qxb6
Bxb6 9. Nh4 Bg6 10. Nxg6 hxg6 11. e4 dxe4 12. dxe4 Ng4 13. h3 Be3 14. Na3 Nf2
15. Bxe3 Nxh1 16. Bxh1 Rxh3 17. Kf2 Nd7 18. Bg2 Rh2 19. Rh1 Rxh1 20. Bxh1 Nf6
21. Bf3 Kd7 22. Nc4 Kc7 23. Ne5 Rf8 24. Bc5 Rd8 25. Ke2 Rh8 26. Nxf7 Rh2+ 27.
Bf2 Nd7 28. Kf1 Nb6 29. Kg1 Rh7 30. Ng5 Rh8 31. Nxe6+ Kd7 32. Nc5+ Kc7 33. b3
Nc8 34. Ne6+ Kd7 35. Nxg7 Ke7 36. Bd4 Rg8 37. f5 {Black resigns} 1-0

[Event "Team 45 45 League T25"]
[Site "Internet Chess Club"]
[Date "2005.01.25"]
[Round "6"]
[White "six-killer"]
[Black "Zornorph"]
[Result "0-1"]
[WhiteElo "1840"]
[BlackElo "1985"]
[TimeControl "2700+45"]

1. e4 e5 2. Nf3 Nf6 3. Nxe5 d6 4. Nf3 Nxe4 5. Nc3 Nxc3 6. dxc3 Nc6 7. Be3 Be7 8.
Qd2 Bg4 9. Be2 Bf6 10. O-O-O Qd7 11. Kb1 h6 12. h3 Bxf3 13. Bxf3 Be5 14. g4
O-O-O 15. Be4 Kb8 16. f4 Bf6 17. Bf5 Qe7 18. Rhe1 Qf8 19. g5 hxg5 20. fxg5 Be5
21. Qd3 f6 22. Qb5 a6 23. Qb3 Ne7 24. Be4 d5 25. gxf6 gxf6 26. Bxd5 Nxd5 27.
Rxd5 Rxh3 28. Ra5 Rxe3 {White resigns} 0-1

[Event "Team 45 45 League T25"]
[Site "Internet Chess Club"]
[Date "2005.01.23"]
[Round "6"]
[White "Knight77"]
[Black "kabindra"]
[Result "0-1"]
[WhiteElo "1842"]
[BlackElo "1836"]
[TimeControl "2700+45"]

1. Nf3 Nc6 2. d4 d5 3. Bf4 Bf5 4. e3 Nf6 5. c4 a6 6. Nc3 h6 7. Bd3 Bxd3 8. Qxd3
Nb4 9. Qd1 dxc4 10. Qa4+ b5 11. Nxb5 Nd3+ 12. Kf1 axb5 13. Qxb5+ Qd7 14. Qxc4
Nxf4 15. Ne5 Qd5 16. exf4 Qxc4+ 17. Nxc4 e6 18. a3 Rd8 19. Rd1 Bc5 20. Ne5 Rxd4
21. Rxd4 Bxd4 22. Nc4 O-O 23. Ke2 Nd5 24. g3 Rb8 25. Rb1 Bf6 26. b4 Nc3+ {White
resigns} 0-1

[Event "Team 45 45 League T25"]
[Site "Internet Chess Club"]
[Date "2005.01.23"]
[Round "6"]
[White "zota"]
[Black "matman"]
[Result "0-1"]
[WhiteElo "1860"]
[BlackElo "2097"]
[TimeControl "2700+45"]

1. e4 c6 2. d4 d5 3. Nc3 dxe4 4. Nxe4 Nd7 5. Bc4 Ngf6 6. Ng5 e6 7. Qe2 Nb6 8.
Bd3 h6 9. N5f3 c5 10. dxc5 Bxc5 11. Ne5 O-O 12. Ngf3 Nbd5 13. Bd2 Nb4 14. g4 Qd5
15. g5 Nxd3+ 16. Nxd3 hxg5 17. c4 Qf5 18. O-O-O b6 19. Rhg1 g4 20. Nfe5 Bb7 21.
Nxc5 bxc5 22. Nxg4 Nxg4 23. Rxg4 Bf3 24. Rxg7+ Kxg7 25. Rg1+ Kf6 26. Bg5+ {White
resigns} 0-1

[Event "Team 45 45 League T25"]
[Site "Internet Chess Club"]
[Date "2005.01.21"]
[Round "6"]
[White "NinthRank"]
[Black "JSC"]
[Result "0-1"]
[WhiteElo "1777"]
[BlackElo "1902"]
[TimeControl "2700+45"]

1. e4 c6 2. d4 d5 3. Nd2 dxe4 4. Nxe4 Bf5 5. Ng3 Bg6 6. Nf3 Nf6 7. h4 h6 8. h5
Bh7 9. Bd3 Bxd3 10. Qxd3 Nbd7 11. Be3 e6 12. O-O-O Be7 13. Ne5 O-O 14. f3 Bd6
15. Nxd7 Qxd7 16. Ne4 Nxe4 17. fxe4 Qc7 18. e5 Be7 19. Bd2 Rfd8 20. Rdf1 c5 21.
Qg3 Bf8 22. Bxh6 cxd4 23. Bg5 Rd5 24. h6 Qxe5 25. Bf4 Qf6 26. h7+ Kh8 27. Rh6
Qf5 28. Kb1 Rc8 29. Rf2 Rdc5 30. Bd2 Qxc2+ 31. Ka1 Qc1+ {White resigns} 0-1